 Dungeon Crawl Stone Soup version 0.30-a0-652-gcc886f7154 (webtiles) character file.

Game seed: 13782744218538560637

52460 garrulousMonolith the Geomancer (level 14, -6/90 HPs)
             Began as a Gargoyle Earth Elementalist on Jan 17, 2023.
             Was a High Priest of Sif Muna.
             Killed from afar by an oklob plant (24 damage)
             ... with a splash of acid
             ... on level 5 of the Lair of Beasts.
             The game lasted 00:33:51 (23474 turns).

garrulousMonolith the Geomancer (GrEE)             Turns: 23474, Time: 00:33:51

Health: -6/90      AC: 14    Str: 12    XL:     14   Next: 64%
Magic:  12/37      EV: 12    Int: 26    God:    Sif Muna [*****.]
Gold:   1260       SH:  9    Dex: 10    Spells: 15/31 levels left

rFire   . . .      SeeInvis .    a - +1 dagger (venom)
rCold   . . .      Faith    .    A - +0 buckler
rNeg    + . .      Spirit   .    (no body armour)
rPois   ∞          Reflect  +    Y - +3 hat of Pondering {ponderous, Will+ MP+10 Int+5}
rElec   +          Harm     .    v - +2 cloak
rCorr   .          Rampage  .    n - +1 pair of gloves
Will    +++..                    R - +2 pair of boots
Stlth   ++                       e - amulet of reflection
HPRegen 0.35/turn                m - +4 ring of protection
MPRegen 0.25/turn                W - ring of willpower

@: corroded, flying, slow
A: sickness immunity, AC +10, big wings, negative energy resistance 1,
electricity resistance, torment resistance 1, petrification resistance
a: Renounce Religion, Channel Magic, Forget Spell, Divine Exegesis


You were on level 5 of the Lair of Beasts.
You worshipped Sif Muna.
Sif Muna was extremely pleased with you.
You visited 3 branches of the dungeon, and saw 18 of its levels.
You also visited: Ossuary.

You collected 1310 gold pieces.
You spent 50 gold pieces at shops.

Inventory:

Hand Weapons
 a - a +1 dagger of venom (weapon)
 b - a +1 whip of electrocution
 J - the +3 long sword "Jit Zyum" {vamp, rPois rN+ Will+}
   (You found it on level 6 of the Dungeon)

   rPois:     It protects you from poison.
   rN:        It protects you from negative energy.
   Will:      It increases your willpower.
 T - the +10 sling of Nemelex Xobeh {flame, rN++ Str+4 Int-5}
   (You found it on level 5 of the Lair of Beasts)

   Str:       It affects your strength (+4).
   Int:       It affects your intelligence (-5).
   rN:        It greatly protects you from negative energy.
Missiles
 f - 167 stones
 s - 19 poisoned darts (quivered)
 L - 2 throwing nets
Armour
 n - a +1 pair of gloves (worn)
 v - a +2 cloak (worn)
 z - +0 steam dragon scales
 A - a +0 buckler (worn)
 K - +0 acid dragon scales
 P - a +0 troll leather armour
 R - a +2 pair of boots (worn)
 S - a +2 helmet
 X - a scarf of invisibility
 Y - the +3 hat of Pondering (worn) {ponderous, Will+ MP+10 Int+5}
   (You took it off Gastronok on level 3 of the Lair of Beasts)

   Int:       It affects your intelligence (+5).
   MP:        It affects your magic capacity (+10).
   Will:      It increases your willpower.
Magical Staves
 h - a staff of air
Jewellery
 e - an amulet of reflection (around neck)
 m - a +4 ring of protection (left hand)
 w - a ring of flight
 N - a ring of fire
 O - a +4 ring of protection
 W - a ring of willpower (right hand)
Wands
 d - a wand of charming (3)
 B - a wand of digging (5)
Scrolls
 g - 3 scrolls of enchant armour
 o - 4 scrolls of teleportation
 u - 2 scrolls of blinking
 y - 2 scrolls of vulnerability
 E - 4 scrolls of amnesia
 H - 3 scrolls of fear
 M - a scroll of brand weapon
 U - 3 scrolls of enchant weapon
 V - 2 scrolls of poison
Potions
 c - 4 potions of might {unknown}
 i - a potion of mutation {unknown}
 j - 3 potions of resistance
 k - 3 potions of degeneration {unknown}
 l - 2 potions of berserk rage {unknown}
 p - 4 potions of curing
 q - 9 potions of flight
 r - a potion of heal wounds
 t - 3 potions of ambrosia
 x - 2 potions of lignification {unknown}
 C - 2 potions of magic
 D - 2 potions of cancellation {unknown}
 F - a potion of haste {unknown}
 G - 6 potions of attraction
 I - 2 potions of brilliance {unknown}
Miscellaneous
 Q - a phial of floods (inert)


   Skills:
 + Level 11.0 Fighting
 + Level 10.9 Armour
 - Level 3.0 Dodging
 - Level 2.1 Stealth
 + Level 2.4 Shields
 + Level 9.4 Spellcasting
 * Level 11.8 Conjurations
 - Level 1.0 Transmutations
 * Level 13.8 Earth Magic
 + Level 10.8 Invocations


You had 15 spell levels left.
You knew the following spells:

 Your Spells              Type           Power      Damage    Failure   Level
a - Sandblast             Erth           100%       2d20      1%          1
b - Stone Arrow           Conj/Erth      100%       3d13      1%          3
c - Passwall              Tmut/Erth      41%        N/A       1%          2
d - Petrify               Tmut/Erth      50%        N/A       3%          4
e - Iron Shot             Conj/Erth      34%        9d7       4%          6

Your spell library contained the following spells:

 Spells                   Type           Power      Damage    Failure   Level
 Static Discharge         Conj/Air       86%        2-6/arc   1%          2
 Hailstorm                Conj/Ice       43%        3d10      1%          3
 Flame Wave               Conj/Fire      43%        2d11      5%          4
 Fulminant Prism          Conj/Hex       21%        3d12      5%          4
 Iskenderun's Mystic Bla  Conj/Tloc      43%        2d10      5%          4
 Sticky Flame             Conj/Fire      43%        2d6       5%          4
 Ensorcelled Hibernation  Hex/Ice        24%        N/A       10%         2
 Lesser Beckoning         Tloc           24%        N/A       10%         2
 Gell's Gravitas          Tloc           12%        N/A       19%         3
 Inner Flame              Hex/Fire       12%        N/A       19%         3
 Swiftness                Air            12%        N/A       19%         3
 Teleport Other           Tloc           12%        N/A       19%         3
 Orb of Destruction       Conj           32%        9d10      38%         7
 Starburst                Conj/Fire      21%        6d7       65%         6
 Metabolic Englaciation   Hex/Ice        6%         N/A       87%         5
 Silence                  Hex/Air        6%         N/A       87%         5
 Dispersal                Tloc           6%         N/A       100%        6
 Statue Form              Tmut/Erth      Unusable   N/A       N/A         6

Dungeon Overview and Level Annotations

Branches:
Dungeon (12/15)            Temple (1/1) D:7            Lair (5/5) D:9
 Shoals (0/4) Lair:2        Snake (0/4) Lair:2        Slime (0/5) Lair:5
    Orc (0/2) D:9         Ossuary (visited)

Altars:
Ashenzari
Cheibriados
Dithmenos
Elyvilon
Fedhas
Gozag
Hepliaklqana
Kikubaaqudgha
Makhleb
Nemelex Xobeh
Okawaru
Qazlal
Ru
Sif Muna
Trog
Uskayaw
Vehumet
Wu Jian
Xom
Yredelemnul
Zin
The Shining One
Jiyva

Shops:
D:3 *([=

Annotations:
D:4 Dowan, Duvessa
D:5 1 runed translucent door
Lair:3 2 transporters
Lair:5 exclusion: 2 oklob plants


Innate Abilities, Weirdness & Mutations

You are immune to sickness and miasma.
Your stone body is resilient. (AC +10)
You are immune to poison.
Your large and strong wings let you fly.
You resist negative energy. (rN+)
You are resistant to electric shocks. (rElec)
You are resistant to unholy torment.
You are immune to petrification.


Message History

Casting: Stone Arrow (safe; 1% risk of failure)
Confirm with . or Enter, or press ? or * to list all spells.
Aiming: Stone Arrow (safe; 1% risk of failure)
Press: ? - help, Shift-Dir - straight line, f/p - oklob plant
Aim: an oklob plant (lightly damaged, 100% to hit)
The stone arrow hits the oklob plant!
The oklob plant is heavily damaged.
Casting: Stone Arrow (safe; 1% risk of failure)
Confirm with . or Enter, or press ? or * to list all spells.
Aiming: Stone Arrow (safe; 1% risk of failure)
Press: ? - help, Shift-Dir - straight line, f/p - oklob plant
Aim: an oklob plant (heavily damaged, 100% to hit)
The stone arrow hits the oklob plant!
The oklob plant is severely damaged.
The oklob plant spits acid at you. The splash of acid hits you!
The acid corrodes you!
Casting: Stone Arrow (safe; 1% risk of failure)
Confirm with . or Enter, or press ? or * to list all spells.
Aiming: Stone Arrow (safe; 1% risk of failure)
Press: ? - help, Shift-Dir - straight line, f/p - oklob plant
Aim: an oklob plant (severely damaged, 100% to hit)
The stone arrow hits the oklob plant.
The oklob plant is severely damaged.
The oklob plant spits acid at you. The splash of acid hits you!
* * * LOW HITPOINT WARNING * * *
Casting: Stone Arrow (safe; 1% risk of failure)
Confirm with . or Enter, or press ? or * to list all spells.
Aiming: Stone Arrow (safe; 1% risk of failure)
Press: ? - help, Shift-Dir - straight line, f/p - oklob plant
Aim: an oklob plant (severely damaged, 100% to hit)
The stone arrow hits the oklob plant!
You destroy the oklob plant!
Sif Muna accepts your kill. The oklob plant spits acid at you.
The splash of acid hits you.
* * * LOW HITPOINT WARNING * * *
The oklob plant spits acid at you. The splash of acid hits you!!
You die...

..... #..#### ....
........ .... ..#
........ #.....
##.###.....# ###.....
#...#.....# .......#
#...#.....# .......P
#.........###
.P.#...###...#.......#..
............#.#.@.......
##...#....###.........
#.....###.##...._.P...
.##....####.#.#....>....
....................P...
.....<..................
..
........................
....
........................
#... .........###)..# ##
#...


You could see 2 oklob plants.

Vanquished Creatures
  Gastronok (Lair:3)
  Snorg (Lair:3)
  2 catoblepae
  2 hydras
  2 two-headed ogres
  A death yak (Lair:4)
  Sonja (Lair:3)
  5 skeletal warriors
  An ugly thing (D:11)
  2 oklob plants (Lair:5)
  A manticore (D:11)
  5 elephants
  A cyclops (D:11)
  A merfolk siren (Lair:2)
  3 black mambas
  2 torpor snails
  Maggie (D:7)
  9 cane toads
  3 kobold demonologists
  12 komodo dragons
  5 rime drakes
  4 trolls
  4 polar bears
  Prince Ribbit (D:7)
  A tarantella (shapeshifter) (D:12)
  7 dream sheep
  5 hornets
  22 blink frogs
  A slime creature (D:12)
  A shadow (D:10)
  A vampire (D:9)
  13 spriggans (Lair:5)
  49 yaks
  3 wyverns
  3 basilisks
  3 wraiths
  Menkaure (D:5)
  A steam dragon (D:8)
  5 acid dragons
  2 wargs (D:9)
  9 water moccasins
  3 orc warriors
  3 ice beasts
  2 hornet zombies (Ossuary)
  9 black bears
  4 boggarts (Lair:5)
  28 wolves
  3 centaurs
  2 kobold brigands
  3 scorpions
  A wyvern zombie (Ossuary)
  9 bullfrogs
  A necrophage (D:5)
  A water moccasin zombie (Ossuary)
  4 wights (D:10)
  9 killer bees
  7 electric eels
  3 howler monkeys
  A centaur zombie (Ossuary)
  4 lava snakes (Lair:5)
  6 bullfrog zombies (Ossuary)
  7 hounds
  A jelly (D:6)
  6 orc priests
  Crazy Yiuf (D:7)
  A gnoll bouda (D:7)
  11 mummies (Ossuary)
  6 iguanas
  7 orc wizards
  3 killer bee zombies (Ossuary)
  A howler monkey zombie (Ossuary)
  5 adders
  14 gnolls
  4 shadow imps
  3 white imps (D:7)
  An ufetubus (D:4)
  3 worms
  2 dart slugs
  26 orcs
  6 ball pythons
  5 bats
  6 endoplasms
  3 giant cockroaches
  8 hobgoblins
  2 jackals (D:3)
  14 kobolds
  2 quokkas
  3 frilled lizards (D:2)
  2 goblins
  A jackal zombie (D:7)
  2 rats
456 creatures vanquished.

Vanquished Creatures (others)
  An unseen horror (D:11)
  A dream sheep (Lair:5)
  41 fungi
  55 plants
  5 withered plants (Ossuary)
103 creatures vanquished.

Grand Total: 559 creatures vanquished

Notes
Turn   | Place    | Note
-------+----------+-------------------------------------------
     0 | D:1      | garrulousMonolith the Gargoyle Earth Elementalist began the
                  | quest for the Orb.
     0 | D:1      | Reached XP level 1. HP: 10/10 MP: 3/3
   476 | D:1      | Reached XP level 2. HP: 15/15 MP: 3/5
   832 | D:2      | Learned a level 2 spell: Passwall
   860 | D:2      | Reached skill level 1 in Transmutations
   861 | D:2      | Reached skill level 4 in Earth Magic
   949 | D:2      | Reached skill level 1 in Conjurations
   949 | D:2      | Reached XP level 3. HP: 20/20 MP: 4/6
   953 | D:2      | Learned a level 3 spell: Stone Arrow
  1187 | D:2      | Reached skill level 1 in Fighting
  1187 | D:2      | Reached XP level 4. HP: 25/25 MP: 1/7
  1198 | D:2      | Reached skill level 1 in Armour
  1934 | D:3      | Found a shimmering blue altar of Sif Muna.
  1942 | D:3      | Became a worshipper of Sif Muna the Loreminder
  2061 | D:3      | Found Lulyhowe's Antique Weapon Shop.
  2172 | D:3      | Reached XP level 5. HP: 23/29 MP: 1/8
  2288 | D:3      | Found Kigityen's Jewellery Boutique.
  2338 | D:3      | Found Batseinao's Armour Emporium.
  2357 | D:3      | Found a faded altar of an unknown god.
  2759 | D:3      | Found Ocoicw's Assorted Antiques.
  2768 | D:3      | Bought a leather armour for 50 gold pieces
  3302 | D:4      | Reached XP level 6. HP: 33/35 MP: 4/9
  3405 | D:4      | Reached skill level 5 in Earth Magic
  3458 | D:4      | Reached * piety under Sif Muna
  3633 | D:4      | Found a sparkling altar of Nemelex Xobeh.
  3800 | D:5      | Entered Level 5 of the Dungeon
  3938 | D:5      | Found an ancient bone altar of Kikubaaqudgha.
  4049 | D:5      | Reached skill level 1 in Invocations
  4049 | D:5      | Reached XP level 7. HP: 40/40 MP: 9/11
  4076 | D:5      | Noticed Duvessa
  4089 | D:5      | Noticed Dowan
  4365 | D:5      | Found a bloodstained altar of Trog.
  4365 | D:5      | Found an ornate altar of the Wu Jian Council.
  4479 | D:5      | Noticed Menkaure
  4484 | D:5      | Killed Menkaure
  4570 | D:5      | Found a runed translucent door.
  4570 | D:5      | Noticed a human
  4572 | D:5      | Found a basalt altar of Yredelemnul.
  4939 | D:5      | Reached skill level 6 in Earth Magic
  5403 | D:6      | Reached XP level 8. HP: 46/46 MP: 9/12
  5535 | D:6      | Found a glowing golden altar of the Shining One.
  5661 | D:6      | Found an iron altar of Okawaru.
  5854 | D:6      | Reached skill level 5 in Conjurations
  6010 | D:6      | Reached ** piety under Sif Muna
  6011 | D:6      | Reached skill level 7 in Earth Magic
  6355 | D:6      | Identified the +3 long sword "Jit Zyum" {vamp, rPois rN+
                  | Will+}
  6370 | D:6      | Reached XP level 9. HP: 48/52 MP: 0/14
  6375 | D:6      | Learned a level 4 spell: Petrify
  7079 | D:7      | Found a stormy altar of Qazlal.
  7131 | D:7      | Reached skill level 8 in Earth Magic
  7288 | D:7      | Found a sand-covered staircase.
  7295 | Ossuary  | Entered an ossuary
  8018 | Ossuary  | Reached *** piety under Sif Muna
  8296 | D:7      | Found a runed translucent door.
  8297 | D:7      | Noticed Crazy Yiuf
  8581 | D:7      | Reached skill level 5 in Fighting
  8581 | D:7      | Reached XP level 10. HP: 59/59 MP: 6/16
  8661 | D:7      | Noticed Maggie
  8669 | D:7      | Killed Maggie
  8670 | D:7      | Reached skill level 5 in Armour
  8670 | D:7      | Reached skill level 9 in Earth Magic
  9001 | D:7      | Found a staircase to the Ecumenical Temple.
  9010 | Temple   | Entered the Ecumenical Temple
  9162 | D:7      | Noticed Prince Ribbit
  9166 | D:7      | Killed Prince Ribbit
  9488 | D:7      | Killed Crazy Yiuf
 10085 | D:8      | Reached skill level 5 in Spellcasting
 10393 | D:9      | Noticed a kobold demonologist
 10398 | D:9      | Noticed a smoke demon
 10415 | D:9      | Killed a kobold demonologist
 10416 | D:9      | Reached skill level 5 in Invocations
 10420 | D:9      | Noticed a kobold demonologist
 10423 | D:9      | Noticed a sixfirhy
 10438 | D:9      | Killed a kobold demonologist
 10721 | D:9      | Found a staircase to the Lair.
 10751 | D:9      | Reached skill level 10 in Earth Magic
 10920 | D:9      | Found a staircase to the Orcish Mines.
 11745 | D:10     | Entered Level 10 of the Dungeon
 11933 | D:10     | Found a blossoming altar of Fedhas.
 12084 | D:10     | Reached XP level 11. HP: 64/64 MP: 8/19
 12329 | D:10     | Reached **** piety under Sif Muna
 12566 | D:10     | Noticed a two-headed ogre
 12572 | D:10     | Killed a two-headed ogre
 12942 | D:11     | Noticed a white ugly thing
 12946 | D:11     | Killed a white ugly thing
 13009 | D:11     | Noticed a manticore
 13020 | D:10     | Reached skill level 11 in Earth Magic
 13072 | D:11     | Killed a manticore
 13372 | D:11     | Noticed a two-headed ogre
 13386 | D:11     | Killed a two-headed ogre
 13541 | D:11     | Noticed a cyclops
 13546 | D:11     | Killed a cyclops
 13547 | D:11     | Reached skill level 10 in Conjurations
 13700 | D:11     | Noticed a skeletal warrior
 13702 | D:11     | Noticed a skeletal warrior
 13702 | D:11     | Noticed a skeletal warrior
 13703 | D:11     | Noticed a skeletal warrior
 13707 | D:11     | Killed a skeletal warrior
 14193 | D:11     | Noticed a skeletal warrior
 14200 | D:11     | Killed a skeletal warrior
 14201 | D:11     | Reached skill level 12 in Earth Magic
 14201 | D:11     | Reached XP level 12. HP: 62/72 MP: 3/21
 15093 | D:12     | Found a radiant altar of Vehumet.
 15540 | Lair:1   | Entered Level 1 of the Lair of Beasts
 15983 | Lair:1   | Noticed a four-headed hydra
 15988 | Lair:1   | Killed a four-headed hydra
 17413 | Lair:2   | Noticed a catoblepas
 17446 | Lair:2   | Reached XP level 13. HP: 22/80 MP: 5/24
 17895 | Lair:2   | Found a staircase to the Snake Pit.
 18545 | Lair:2   | Reached ***** piety under Sif Muna
 18768 | Lair:2   | Found a staircase to the Shoals.
 19095 | Lair:3   | Noticed Sonja
 19202 | Lair:3   | Noticed Snorg
 19212 | Lair:3   | Killed Snorg
 19213 | Lair:3   | Reached skill level 10 in Fighting
 19442 | Lair:3   | Received a gift from Sif Muna
 19443 | Lair:3   | Got Sif Muna's Treatise on the Prime Crater {god gift}
 19451 | Lair:3   | Learned a level 6 spell: Iron Shot
 19488 | Lair:3   | Reached skill level 10 in Armour
 19658 | Lair:3   | Noticed Gastronok
 19668 | Lair:3   | Killed Gastronok
 19982 | Lair:3   | Killed Sonja
 20232 | Lair:3   | Reached skill level 10 in Invocations
 20542 | Lair:3   | Found a transporter.
 20544 | Lair:3   | Found a transporter.
 21814 | Lair:5   | Entered Level 5 of the Lair of Beasts
 21831 | Lair:4   | Gained mutation: Your large and strong wings let you fly.
                  | [Gargoyle growth]
 21831 | Lair:4   | Reached XP level 14. HP: 61/88 MP: 26/27
 21898 | Lair:5   | Reached skill level 13 in Earth Magic
 21899 | Lair:5   | HP: 2/88 [komodo dragon (20)]
 22440 | Lair:5   | Reached skill level 1 in Shields
 23169 | Lair:5   | Received a gift from Sif Muna
 23170 | Lair:5   | Got Sif Muna's Spellbook of Energetic Execration {god gift}
 23369 | Lair:5   | Identified the +10 sling of Nemelex Xobeh {flame, rN++
                  | Str+4 Int-5}
 23433 | Lair:5   | Found a viscous altar of Jiyva.
 23433 | Lair:5   | Found a staircase to the Slime Pits.
 23474 | Lair:5   | Killed from afar by an oklob plant

Illustrated notes

Levels and vault maps discovered:
D:1:      saegor_arrival_simple_e, layout_loops_cross, serial_bayou,
          serial_bayou_pond_c, serial_bayou_shore_a, serial_bayou_crossing,
          serial_bayou_shore_b, serial_bayou_lagoon_a
D:2:      layout_loops_ring
D:3:      layout_basic, mainiacjoe_overflow_paths,
          hellmonk_ecumenical_altar_dog_temple, serial_shops, shop, shop,
          nicolae_lakefront_shop, nicolae_shop_hallway_plus
D:4:      minmay_chambers_of_twos, layout_gridville, mainiacjoe_overflow_catwalk
D:5:      layout_loops_ring, dk_yredelemnul_ordeal,
          mainiacjoe_overflow_brackets, nicolae_overflow_two_pavilions,
          uniq_menkaure, uniq_duvessa
D:6:      layout_gridville, mainiacjoe_overflow_chevrons, okawaru_trees_2,
          feat_on_display
D:7:      layout_loops_corners, mainiacjoe_overflow_concentric_impassable,
          temple_fountains, enter_ossuary_3, uniq_crazy_yiuf_cottage,
          uniq_prince_ribbit1, uniq_maggie
D:8:      layout_basic
D:9:      layout_roguey, erik_lair_orcish_takeover, orc_0_dummy, minivault_22,
          interstate_on_off, dreamdust_princess_bridge
D:10:     layout_loops_ring, fedhas_bush_and_centaur_altar
D:11:     layout_loops_cross, st_stairs_4
D:12:     layout_basic, gauntlet_entry_generic, nicolae_vehumet_radiance
Temple:   hellmonk_temple_flake
Lair:1:   layout_layer_cave
Lair:2:   layout_loops_ring, minmay_shoals_entry_lonely_mermaid,
          dummy_snake_entry, nzn_random_ring
Lair:3:   gammafunk_boulding_lane, layout_gridlike, dpeg_stationary_puzzle,
          infiniplex_staircase_pool_2, uniq_snorg, uniq_gastronok, uniq_sonja
Lair:4:   layout_hall_layers
Lair:5:   minmay_lair_end_enchanted_forest, layout_regular_city,
          minmay_slime_entry_oklob_open, chequers_serial_rivers_micro_e,
          nicolae_lair_liquid_snakes

Skill      XL: |  1  2  3  4  5  6  7  8  9 10 11 12 13 14 |
---------------+-------------------------------------------+-----
Transmutations | 1 |  1.0
Earth Magic    | 4 5 6 7 8 10 12 13 | 13.8
Conjurations   | 1 2 3 4 5 7 9 10 11 | 11.8
Dodging        | 2 3 |  3.0
Fighting       | 1 2 3 4 5 6 7 9 10 11 | 11.0
Armour         | 1 2 3 4 6 7 9 10 | 10.9
Invocations    | 1 2 3 4 5 6 9 10 | 10.8
Spellcasting   | 3 4 5 6 7 9 |  9.4
Shields        | 2 |  2.4
Stealth        | |  2.1

Action                   |  1- 3 |  4- 6 |  7- 9 | 10-12 | 13-15 || total
-------------------------+-------+-------+-------+-------+-------++-------
Melee: Unarmed           |     1 |       |       |       |       ||     1
       Spear             |       |    26 |       |       |       ||    26
       Dagger            |       |    36 |    77 |    66 |   131 ||   310
       Whip              |       |       |    12 |    83 |       ||    95
       Punch             |       |       |       |     7 |       ||     7
 Cast: Sandblast         |    32 |    99 |    93 |   187 |   215 ||   626
       Stone Arrow       |       |       |    73 |   193 |   203 ||   469
       Iron Shot         |       |       |       |       |    12 ||    12
Invok: Channel Magic     |       |       |       |     2 |       ||     2
Evoke: Wand              |       |       |       |     4 |     1 ||     5
       Phial of floods   |       |       |       |       |     1 ||     1
  Use: Scroll            |       |     1 |    11 |    12 |     5 ||    29
       Potion            |       |       |       |     5 |     5 ||    10
 Stab: Petrified         |       |       |       |     3 |     1 ||     4
Armor: Robe              |     2 |    37 |       |       |       ||    39
       Leather armour    |       |    26 |    49 |       |       ||    75
       Acid dragon scale |       |       |    53 |   183 |   109 ||   345
       Troll leather arm |       |       |       |    52 |   284 ||   336
       Skin              |       |       |       |       |     1 ||     1
Dodge: Dodged            |     3 |    73 |   116 |   217 |   273 ||   682
Block: Other             |     3 |    21 |    47 |   102 |    59 ||   232
       Reflection        |       |     1 |       |     6 |     2 ||     9
       Buckler           |       |       |       |       |   139 ||   139

Table legend: (Time is in decaauts)
 A = Elapsed time spent in this place.
 B = Non-inter-level travel time spent in this place.
 C = Inter-level travel time spent in this place.
 D = Time resting spent in this place.
 E = Time spent auto-exploring this place.
 F = Levels seen in this place.
 G = Mean time per level.
                   A        B        C        D        E       F      G
               +--------+--------+--------+--------+--------+-----+--------+
         Total |  24025 |  23417 |    608 |   4513 |  15172 |  19 | 1264.5 |
       Dungeon |  14708 |  14317 |    391 |   2599 |   9690 |  12 | 1225.7 |
        Temple |    149 |    139 |     10 |      0 |    127 |   1 |  149.0 |
          Lair |   8204 |   7997 |    207 |   1747 |   4771 |   5 | 1640.8 |
       Ossuary |    962 |    962 |      0 |    166 |    583 |   1 |  962.0 |
               +--------+--------+--------+--------+--------+-----+--------+

Top non-repeatable levels by time:
  Lair:2: 1980 daAuts
  Lair:3: 1851 daAuts
    D:10: 1731 daAuts
  Lair:5: 1728 daAuts
    D:11: 1666 daAuts
     D:7: 1609 daAuts
     D:6: 1567 daAuts
     D:9: 1478 daAuts
  Lair:1: 1473 daAuts
     D:5: 1424 daAuts
  Lair:4: 1170 daAuts
     D:3: 1155 daAuts
     D:2: 1112 daAuts
 Ossuary: 962 daAuts
     D:4: 899 daAuts
